 Dungeon Crawl Stone Soup version 0.30-a0-168-g0b976cbdc4 (webtiles) character file.

Game seed: 2170197533903185353

541 qw the Chopper (level 7, 0/43 HPs)
             Began as a Gargoyle Fighter on Sept 29, 2022.
             Slain by a gnoll
             ... wielding a +0 spear
             ... led by a gnoll bouda
              (7 damage)
             ... on level 4 of the Dungeon.
             The game lasted 00:01:11 (3142 turns).

qw the Chopper (Gargoyle Fighter)                   Turns: 3142, Time: 00:01:12

Health: 0/43       AC: 11    Str: 22    XL:     7   Next: 26%
Magic:  7/7        EV:  9    Int:  8    God:
Gold:   192        SH:  4    Dex:  9    Spells: 6/6 levels left

rFire   . . .      SeeInvis .    Y - +1 war axe
rCold   . . .      Faith    .    c - +0 buckler
rNeg    + . .      Spirit   .    b - +0 scale mail
rPois   inf        Reflect  .    (no helmet)
rElec   +          Harm     .    (no cloak)
rCorr   .          Rampage  .    (no gloves)
Will    .....                    (no boots)
Stlth   ..........               (no amulet)
HPRegen 0.14/turn                (no ring)
MPRegen 0.10/turn                (no ring)

@: no status effects
A: sickness immunity, AC +4, negative energy resistance 1, electricity
resistance, torment resistance 1, petrification resistance
a: no special abilities


You were on level 4 of the Dungeon.
You visited 1 branch of the dungeon, and saw 6 of its levels.

You collected 234 gold pieces.
You spent 42 gold pieces at shops.


Innate Abilities, Weirdness & Mutations

You are immune to sickness and miasma.
Your stone body is resilient. (AC +4)
You are immune to poison.
You resist negative energy. (rN+)
You are resistant to electric shocks. (rElec)
You are resistant to unholy torment.
You are immune to petrification.


   Skills:
 - Level 4.0 Fighting
 + Level 6.6 Axes
 - Level 3.2 Armour
 - Level 1.1 Dodging
 - Level 3.2 Shields


You had 6 spell levels left.
You didn't know any spells.
Your spell library was empty.

Inventory:

Hand Weapons
 m - a +0 flail
 Y - a +1 war axe (weapon)
Armour
 b - a +0 scale mail (worn)
 c - a +0 buckler (worn)
 e - a +0 chain mail
Scrolls
 f - 2 scrolls of teleportation
 h - a scroll of fog {unknown}
 j - 2 scrolls of identify
Potions
 a - a potion of invisibility {unknown}
 d - a potion of might
 g - a potion of heal wounds
 i - a potion of cancellation
 l - a potion of lignification

Dungeon Overview and Level Annotations

Branches:
Dungeon (6/15)
 Temple: D:4-7

Altars:

Shops:
D:2 *   D:6 *


Message History

The gnoll hits you but does no damage. The gnoll barely misses you.
The gnoll closely misses you.
You hit the gnoll.
The gnoll is almost dead.
The gnoll hits you with a +0 flail.
You closely miss the gnoll.
The gnoll is almost dead.
You barely miss the gnoll bouda. The gnoll hits you with a +0 flail.
The gnoll bouda hits you with a +0 club.
The gnoll hits you but does no damage.
You barely miss the gnoll.
The gnoll is almost dead.
You barely miss the gnoll bouda.
The gnoll bouda barks out a call to the hunt!
The gnolls pick up the pace!
The gnoll misses you. The gnoll barely misses you.
You slash the gnoll!
You kill the gnoll!
You hit the gnoll bouda.
The gnoll bouda hits you but does no damage.
The gnoll hits you from afar with a +0 spear.
You slash the gnoll bouda!
The gnoll bouda is severely wounded.
The gnoll hits you but does no damage.
The gnoll bouda hits you but does no damage.
The gnoll bouda hits you with a +0 club.
The gnoll closely misses you.
You barely miss the gnoll bouda.
The gnoll bouda is severely wounded.
The gnoll barely misses you. You block the gnoll bouda's attack.
You barely miss the gnoll bouda.
The gnoll bouda is heavily wounded.
The gnoll bouda hits you with a +0 club!
The gnoll hits you but does no damage.
You closely miss the gnoll bouda.
The gnoll bouda is heavily wounded.
The gnoll bouda hits you with a +0 club.
The gnoll hits you from afar with a +0 spear!
You die...

.. .## ..
#. +
###.### .#
..$..##..#
#=#....####
#)@>.......
#g#########
#g .g ...
.... .....
#....(


You could see a gnoll bouda and 2 gnolls.

Vanquished Creatures
  A sky beast (D:6)
  A necrophage (D:3)
  A scorpion (D:6)
  A bullfrog (D:6)
  A howler monkey (D:6)
  2 hounds
  An orc priest (D:5)
  3 gnolls (D:4)
  3 adders
  6 orcs
  2 bats (D:1)
  5 endoplasms
  2 giant cockroaches
  5 goblins
  7 hobgoblins
  12 jackals
  7 kobolds
  3 quokkas
  3 ball pythons
  3 frilled lizards
  10 rats
79 creatures vanquished.

Notes
Turn   | Place    | Note
-------+----------+-------------------------------------------
     0 | D:1      | qw the Gargoyle Fighter began the quest for the Orb.
     0 | D:1      | Reached XP level 1. HP: 14/14 MP: 1/1
     0 | D:1      | 0 ||| qw: Version: 0.2-a-12-gaebbb33
     0 | D:1      | 0 ||| qw: Game counter: 1232
     0 | D:1      | 0 ||| qw: Always use a shield: true
     0 | D:1      | 0 ||| qw: God list: Okawaru
     0 | D:1      | 0 ||| qw: Allow faded altars: false
     0 | D:1      | 0 ||| qw: Do Orc after D:15 true
     0 | D:1      | 0 ||| qw: Do second Lair branch before Depths: true
     0 | D:1      | 0 ||| qw: Lair rune preference: random
     0 | D:1      | 0 ||| qw: Plans: Normal, Zot:1-4, God:TSO, Crypt, Tomb,
                  | Pan, Slime:5, Hells, Abyss, Orb
     0 | D:1      | 0 ||| PLANNING D:1-11
   159 | D:1      | Reached skill level 2 in Axes
   275 | D:1      | Reached XP level 2. HP: 18/19 MP: 2/2
   275 | D:1      | 275 ||| Stepping ~*~*~tactically~*~*~ (stealth).
   280 | D:1      | 280 ||| Stepping ~*~*~tactically~*~*~ (stealth).
   290 | D:1      | 290 ||| Stepping ~*~*~tactically~*~*~ (stealth).
   821 | D:1      | Reached skill level 3 in Axes
   949 | D:1      | Reached XP level 3. HP: 23/23 MP: 3/3
  1028 | D:1      | Found a faded altar of an unknown god.
  1378 | D:1      | 1378 ||| READING scroll labelled GIL FIHAMUISI.
  1381 | D:1      | 1381 ||| READING scroll labelled JAUXKO RIRHAL.
  1382 | D:1      | 1382 ||| READING scroll labelled YBRIEBO TARORU.
  1383 | D:1      | 1383 ||| READING 3 scrolls labelled JIRAIVVOTIO.
  1384 | D:1      | 1384 ||| READING scroll labelled DUSUG MYMUOLYK.
  1385 | D:1      | 1385 ||| READING scroll labelled MIASAUGRIE.
  1386 | D:1      | 1386 ||| READING scroll labelled HOUTHILUZO.
  1387 | D:1      | 1387 ||| READING 2 scrolls of identify.
  1387 | D:1      | 1387 ||| IDENTIFYING lumpy sapphire potion
  1388 | D:1      | 1388 ||| DROPPING potion of flight.
  1455 | D:2      | 1455 ||| Stepping ~*~*~tactically~*~*~ (stealth).
  1649 | D:2      | Found Anteud Nuuth's General Store.
  1654 | D:2      | 1654 ||| SHOPLISTING +3 leather armour of cold resistance
                  | (336 gold, have 135).
  1654 | D:2      | 1654 ||| BUYING potion of lignification (42 gold).
  1654 | D:2      | Bought a potion of lignification for 42 gold pieces
  1654 | D:2      | 1654 ||| SHOPLISTING scroll of enchant armour (105 gold,
                  | have 93).
  2111 | D:2      | 2111 ||| READING scroll labelled XILOEQ TOINEMU.
  2112 | D:2      | 2112 ||| READING 2 scrolls labelled FULEUDUHIC.
  2113 | D:2      | 2113 ||| READING scroll labelled IDAUNN ZOREUHU.
  2114 | D:2      | 2114 ||| READING scroll labelled PYIREONYTI.
  2115 | D:2      | 2115 ||| DRINKING 2 yellow potions.
  2116 | D:2      | 2116 ||| READING 2 scrolls of identify.
  2116 | D:2      | 2116 ||| IDENTIFYING pink potion
  2117 | D:2      | 2117 ||| DROPPING scroll of magic mapping.
  2164 | D:3      | 2164 ||| Stepping ~*~*~tactically~*~*~ (stealth).
  2166 | D:3      | 2166 ||| Stepping ~*~*~tactically~*~*~ (stealth).
  2166 | D:3      | Noticed a necrophage
  2187 | D:3      | Killed a necrophage
  2188 | D:3      | Reached skill level 4 in Axes
  2188 | D:3      | Reached XP level 4. HP: 18/28 MP: 4/4
  2188 | D:3      | Reached XP level 5. HP: 21/32 MP: 5/5
  2450 | D:3      | 2450 ||| Stepping ~*~*~tactically~*~*~ (stealth).
  2534 | D:3      | 2534 ||| Stepping ~*~*~tactically~*~*~ (stealth).
  2612 | D:3      | You fall into a shaft and drop 3 floors!
  2612 | D:6      | Found Nddusox's Needful Niceties.
  2614 | D:6      | Noticed a sky beast
  2630 | D:6      | Killed a sky beast
  2631 | D:6      | Reached skill level 5 in Axes
  2631 | D:6      | Reached XP level 6. HP: 28/37 MP: 6/6
  2746 | D:6      | Reached skill level 1 in Dodging
  2839 | D:6      | Reached skill level 6 in Axes
  2839 | D:6      | Reached XP level 7. HP: 28/43 MP: 7/7
  2943 | D:6      | 2943 ||| READING scroll labelled JIFFIRGH SARAS.
  2944 | D:6      | 2944 ||| FLEEEEING.
  2945 | D:6      | 2945 ||| FLEEEEING.
  2946 | D:6      | 2946 ||| FLEEEEING.
  2947 | D:6      | 2947 ||| FLEEEEING.
  2948 | D:6      | 2948 ||| FLEEEEING.
  2949 | D:6      | 2949 ||| FLEEEEING.
  2950 | D:6      | 2950 ||| STAIRDANCE
  2951 | D:5      | Entered Level 5 of the Dungeon
  2955 | D:5      | 2955 ||| Stepping ~*~*~tactically~*~*~ (stealth).
  2962 | D:5      | 2962 ||| Stepping ~*~*~tactically~*~*~ (hiding).
  2963 | D:5      | 2963 ||| Stepping ~*~*~tactically~*~*~ (hiding).
  3071 | D:5      | 3071 ||| DROPPING +0 whip.
  3082 | D:5      | 3082 ||| FLEEEEING.
  3084 | D:5      | 3084 ||| FLEEEEING.
  3085 | D:5      | 3085 ||| FLEEEEING.
  3086 | D:5      | 3086 ||| FLEEEEING.
  3088 | D:5      | Noticed a two-headed ogre
  3089 | D:5      | 3089 ||| STAIRDANCE
  3125 | D:4      | 3125 ||| Stepping ~*~*~tactically~*~*~ (hiding).
  3130 | D:4      | 3130 ||| Stepping ~*~*~tactically~*~*~ (hiding).
  3142 | D:4      | HP: 7/43 [gnoll bouda/+0 club (4)]
  3142 | D:4      | Slain by a gnoll

Levels and vault maps discovered:
D:1:      minmay_arrival_semitransparent, layout_basic,
          chequers_ecumenical_altar_simple
D:2:      layout_loops_ring, serial_shops, shop
D:3:      cheibrodos_old_hovel, layout_loops_ring,
          nicolae_overflow_two_pavilions, chequers_serial_rivers_small_3
D:4:      layout_basic
D:5:      layout_cave_pools, minitemple, minivault_11
D:6:      layout_rooms, nicolae_alphabet_shops

Skill      XL: |  1  2  3  4  5  6 |
---------------+-------------------+-----
Axes           | 2 3 4 5 6 |  6.6
Fighting       | 4 |  4.0
Dodging        | 1 |  1.1
Armour         | |  3.2
Shields        | |  3.2

Action                   |  1- 3 |  4- 6 |  7- 9 || total
-------------------------+-------+-------+-------++-------
Melee: War axe           |   135 |    79 |    34 ||   248
  Use: Scroll            |    13 |       |     1 ||    14
       Potion            |     1 |       |       ||     1
Armor: Scale mail        |    62 |    42 |    14 ||   118
Dodge: Dodged            |    59 |    39 |    16 ||   114
Block: Buckler           |    16 |    14 |     9 ||    39

Table legend:
 A = Non-vault XP
 B = Vault XP
 C = Vault XP percentage of total XP
 D = Non-vault monster count
 E = Vault monster count
 F = Vault count percentage of total count
                 A         B        C        D         E       F
            +---------+---------+-------+---------+---------+-------
      Total |     773 |       0 |   0.0 |      79 |       0 |   0.0
            +---------+---------+-------+---------+---------+-------
        D:1 |      44 |       0 |   0.0 |      27 |       0 |   0.0
        D:2 |      32 |       0 |   0.0 |      15 |       0 |   0.0
        D:3 |     144 |       0 |   0.0 |      21 |       0 |   0.0
        D:4 |      82 |       0 |   0.0 |       4 |       0 |   0.0
        D:5 |      53 |       0 |   0.0 |       5 |       0 |   0.0
        D:6 |     418 |       0 |   0.0 |       7 |       0 |   0.0
            +---------+---------+-------+---------+---------+-------
